 Dungeon Crawl Stone Soup version 0.24.1-14-gf8d2b509d9 (webtiles) character file.

Game seed: 2105086546585439252, levelgen mode: deterministic

135 Peloso the Skirmisher (level 4, -2/35 HPs)
             Began as a Vampire Fighter on May 26, 2020.
             Splashed by a jelly's acid (8 damage)
             ... on level 4 of the Dungeon.
             The game lasted 00:04:19 (2227 turns).

Peloso the Skirmisher (Vampire Fighter)             Turns: 2227, Time: 00:04:20

Health: -2/35      AC:  6    Str: 16    XL:     4   Next: 97%
Magic:  4/4        EV:  2    Int: 10    God:
Gold:   140        SH: 11    Dex: 13    Spells: 3/3 levels left

rFire    x . .     SeeInvis +   a - +0 long sword
rCold    + . .     Gourm    .   c - +2 shield
rNeg     . . .     Faith    .   l - +0 chain mail
rPois    .         Spirit   .   (no helmet)
rElec    .         Reflect  .   (no cloak)
rCorr    .         Harm     .   (no gloves)
MR       .....                  p - +0 pair of boots
Stlth    ..........             (no amulet)
HPRegen  0.31/turn              o - ring of ice
MPRegen  0.09/turn              q - -3 ring of evasion (curse)

@: corroded, regenerating quickly
A: no food, fangs 3, see invisible, unbreathing
a: Exsanguinate


You were on level 4 of the Dungeon.
You were alive.

You visited 1 branch of the dungeon, and saw 4 of its levels.

You collected 140 gold pieces.

Inventory:

Hand Weapons
 a - a +0 long sword (weapon)
Armour
 b - a +0 scale mail
 c - a +2 shield (worn)
 l - a +0 chain mail (worn)
 p - a +0 pair of boots (worn)
Jewellery
 o - a ring of ice (left hand)
 q - a cursed -3 ring of evasion (right hand)
Scrolls
 e - a scroll of identify {unknown}
 f - a scroll of immolation {unknown}
 g - a scroll of random uselessness {unknown}
 i - a scroll of remove curse {unknown}
 j - 2 scrolls of teleportation {unknown}
 k - a scroll of blinking {unknown}
Potions
 d - 3 potions of might
 h - a potion of heal wounds {unknown}
 m - 2 potions of degeneration {unknown}
 n - a potion of brilliance {unknown}


   Skills:
 + Level 3.3 Fighting
 + Level 3.1 Long Blades
 + Level 3.2 Armour
 + Level 1.2 Dodging
 + Level 0.1 Stealth
 + Level 3.3 Shields


You had 3 spell levels left.
You didn't know any spells.
Your spell library was empty.

Dungeon Overview and Level Annotations

Branches:
Dungeon (4/15)
 Temple: D:4-7

Altars:
Yredelemnul

Annotations:
D:4 2 transporters


Innate Abilities, Weirdness & Mutations

You do not eat.
Your natural rate of healing is unusually fast.
You have razor-sharp teeth.
You have supernaturally acute eyesight. (SInv)
You can survive without breathing.


Message History

The jelly is lightly wounded.
The jelly hits you.
You are splashed with acid!
The jelly hits you but does no damage.
You hit the jelly. The acid corrodes you!
Your hands burn!
The jelly is moderately wounded.
The jelly hits you but does no damage.
You completely miss the jelly.
The jelly is moderately wounded.
The jelly hits you but does no damage.
You hit the jelly but do no damage.
Your hands burn!
* * * LOW HITPOINT WARNING * * *
The jelly is moderately wounded.
You block the jelly's attack.
You hit the jelly.
Your hands burn!
* * * LOW HITPOINT WARNING * * *
The jelly is heavily wounded.
You block the jelly's attack. The jelly hits you.
* * * LOW HITPOINT WARNING * * *
You are splashed with acid!
You die...

## .# #.#..# # .#
#####..## #○○#
....#...# .○☼#
#......# ©#°☼# .
##.....# °○°°# ..
#..#..# °°○°°# ..
#..##..#########
#...#.......©....
...##.....@J......
.#. ##............
#.............
...##..#.....###
#......#....##
#....#####.....
..... #....# ..
...##


You could see a jelly.

Vanquished Creatures
  A scorpion (D:4)
  An adder (D:2)
  An adder skeleton (D:4)
  2 dart slugs
  3 leopard geckos
  5 orcs
  2 ball pythons
  8 bats
  2 bat skeletons (D:2)
  3 giant cockroaches
  4 goblins
  8 hobgoblins
  8 kobolds
  3 frilled lizards
  2 giant cockroach zombies (D:2)
  2 quokka skeletons (D:2)
  10 rats
65 creatures vanquished.

Notes
Turn   | Place    | Note
-------+----------+-------------------------------------------
     0 | D:1      | Peloso the Vampire Fighter began the quest for the Orb.
     0 | D:1      | Reached XP level 1. HP: 17/17 MP: 1/1
    81 | D:1      | Reached XP level 2. HP: 23/23 MP: 2/2
   543 | D:1      | Reached XP level 3. HP: 29/29 MP: 3/3
   695 | D:2      | You fall into a shaft and drop 1 floor!
   728 | D:2      | Found a basalt altar of Yredelemnul.
  1249 | D:3      | Reached XP level 4. HP: 35/35 MP: 4/4
  1297 | D:3      | Reached skill level 1 in Dodging
  1898 | D:3      | HP: 1/35 [poisoned by a scorpion]
  2181 | D:4      | Found a transporter.
  2218 | D:4      | Found a transporter.
  2227 | D:4      | Splashed by a jelly's acid

Levels and vault maps discovered:
D:1:      minmay_arrival_up_and_down, layout_loops_ring
D:2:      layout_loops_ring, serial_undead, serial_undead_e, serial_undead_c,
          serial_undead_d, serial_undead_f, serial_undead_c, serial_undead_f,
          serial_undead_a, yredelemnul_altar_generic
D:3:      layout_loops_ring
D:4:      gammafunk_cloud_chamber, layout_cave_pools, serial_shops, shop,
          first_ration

Skill      XL: |  1  2  3  4 |
---------------+-------------+-----
Fighting       | 3 |  3.3
Armour         | 3 |  3.2
Dodging        | 1 |  1.2
Shields        | 3 |  3.3
Long Blades    | 3 |  3.1
Stealth        | |  0.1

Action                   |  1- 3 |  4- 6 || total
-------------------------+-------+-------++-------
Melee: Long sword        |   148 |    69 ||   217
       Bite              |    12 |     5 ||    17
Armor: Scale mail        |    92 |     1 ||    93
       Chain mail        |       |    65 ||    65
Dodge: Dodged            |    44 |    17 ||    61
Block: Shield            |    64 |    63 ||   127
       Rpst.: Long sword |    22 |     7 ||    29
